Map: Triton LE

Players

DaB

  • Race: Terran Terran
  • League: Platinum
  • Spawn Location: 11:00

ponken - Winner!

  • Race: Terran Terran
  • League: Platinum
  • Spawn Location: 5:00

VOD

Have the link to the VOD?

Description

Time

  • Played on: Jan. 28, 2020, 12:29 p.m.
  • Length: 8:19
Show
View Real Time Build Order
Export as new Build Order

DaB Terran 

Build Orders: 2 Factory, Reaper Expand, Mech 

Get SALT Encoding   

  12  0:01  SCV  
  13  0:13  SCV  
  14  0:17  Supply Depot  
  14  0:25  SCV  
  15  0:39  SCV  
  15  0:40  Barracks  
  16  0:45  Refinery  
  16  0:51  SCV  
  17  1:03  SCV  
  18  1:15  SCV  
  19  1:27  Orbital Command  
  19  1:30  Reaper  
  20  1:57  Command Center  
  20  1:58  SCV  
  20  2:14  SCV  
  21  2:26  SCV  
  21  2:27  Barracks Tech Lab  
  21  2:29  Factory  
  22  2:34  Supply Depot  
  22  2:38  SCV, Refinery  
  23  2:56  SCV  
  24  3:17  Command Center, SCV  
  25  3:27  Factory  
  25  3:28  Barracks Reactor  
  25  3:29  Siege Tank  
  25  3:31  SCV  
  29  3:34  Orbital Command  
  29  3:39  Supply Depot  
  29  3:43  SCV  
  30  3:48  Engineering Bay  
  30  3:55  SCV  
  31  4:01  SCV, Siege Tank  
  35  4:07  SCV  
  36  4:10  Supply Depot  
  36  4:14  SCV  
  37  4:19  SCV  
  38  4:30  SCV  
  39  4:32  Orbital Command  
  39  4:37  Missile Turret  
  39  4:39  Missile Turret  
  39  4:43  Siege Tank  
  39  4:44  Hellion x2  
  46  4:53  SCV  
  46  4:54  SCV, Supply Depot  
  48  5:01  Supply Depot  
  48  5:08  SCV x2  
  48  5:09  SCV  
  51  5:16  Hi-Sec Auto Tracking  
  51  5:18  Missile Turret  
  51  5:19  Supply Depot  
  51  5:20  SCV  
  51  5:21  SCV  
  53  5:22  SCV  
  53  5:23  Refinery  
  53  5:26  Refinery  
  54  5:38  SCV  
  54  5:39  SCV x2  
  54  5:40  Hellion  
  54  5:41  Hellion, Sensor Tower  
  61  5:44  Siege Tank  
  64  5:51  SCV x2  
  64  5:52  SCV  
  67  6:02  Hellion, Infernal Pre-Igniter  
  69  6:12  Barracks Tech Lab  
  69  6:16  Siege Tank  
  74  6:18  Hellion  
  74  6:20  Refinery  
  74  6:23  Hellion, Factory  
  76  6:35  Orbital Command  
  76  6:42  Factory  
  76  6:44  Factory  
  76  6:47  Armory, SCV x2, Refinery  
  76  6:48  Siege Tank  
  81  6:59  SCV  
  82  7:20  SCV  
  82  7:21  SCV x2  
  85  7:29  Factory Tech Lab  
  85  7:30  Siege Tank, Sensor Tower  
  85  7:32  Hellion x2  
  85  7:33  SCV x3  
  85  7:34  Factory Reactor, Factory Tech Lab  
  95  7:45  SCV x3  
  95  7:46  Armory  
  98  7:57  SCV x2  
Show
View Real Time Build Order
Export as new Build Order

ponken Terran - Winner!

Build Orders: Reaper Expand 

Get SALT Encoding   

  12  0:00  SCV  
  13  0:12  SCV  
  14  0:17  Supply Depot  
  14  0:24  SCV  
  15  0:38  SCV  
  15  0:40  Barracks  
  16  0:45  Refinery  
  16  0:50  SCV  
  17  1:03  SCV  
  18  1:17  SCV  
  19  1:28  Reaper  
  19  1:29  Orbital Command  
  20  1:50  Command Center  
  20  1:56  SCV  
  20  2:00  Marine  
  20  2:01  Supply Depot  
  22  2:12  SCV  
  22  2:13  Refinery  
  23  2:20  Factory  
  22  2:30  Barracks Reactor, Bunker  
  22  2:36  SCV  
  23  2:49  SCV  
  24  3:01  SCV  
  25  3:07  Orbital Command  
  25  3:08  Starport  
  25  3:15  SCV  
  26  3:20  Factory Tech Lab  
  26  3:22  Marine x2  
  28  3:28  SCV  
  28  3:32  SCV  
  28  3:33  Supply Depot  
  30  3:40  SCV, Marine x2, Cyclone  
  36  3:46  SCV  
  37  3:56  Starport Tech Lab  
  37  3:58  Marine x2  
  37  4:00  SCV x2  
  41  4:03  Refinery  
  41  4:12  SCV x2  
  41  4:15  Supply Depot  
  43  4:28  SCV x2  
  44  4:31  Raven  
  44  4:33  Marine x2  
  48  4:40  Barracks, SCV x2  
  48  4:43  Barracks  
  48  4:44  Supply Depot  
  50  4:51  Refinery  
  50  4:57  Command Center  
  50  4:58  SCV  
  50  4:59  SCV  
  52  5:01  Marine  
  52  5:05  Siege Tank  
  56  5:15  Supply Depot  
  56  5:20  Engineering Bay  
  56  5:23  Engineering Bay  
  56  5:32  Barracks Tech Lab  
  56  5:35  Barracks Reactor, Stimpack  
  56  5:38  Siege Tank  
  56  5:40  Viking x2  
  63  5:44  SCV x2  
  63  5:49  Supply Depot  
  65  5:52  Marine  
  65  5:54  Combat Shield  
  66  5:57  SCV  
  66  5:58  SCV  
  68  6:10  Orbital Command  
  68  6:11  Marine x2  
  68  6:14  Marine x2  
  68  6:17  Viking  
  74  6:20  Siege Tank  
  77  6:31  SCV  
  77  6:32  SCV  
  79  6:37  Supply Depot  
  79  6:38  SCV  
  80  6:40  Marine  
  80  6:41  Marine x3  
  80  6:44  SCV  
  87  6:51  Medivac x2  
  87  6:53  Siege Tank  
  92  6:58  Marine  
  93  7:04  SCV  
  93  7:05  SCV x2  
  96  7:14  Supply Depot  
  96  7:17  SCV x2, Armory  
  96  7:21  Marine  
  96  7:22  Marine x2  
  98  7:23  Marine  
  99  7:37  SCV  
  99  7:38  SCV  
  99  7:39  Marine  
  102  7:50  Marine x3  
  105  7:57  Marine, Factory  
  106  8:00  Barracks  
  106  8:02  Barracks  
Tags
 
Add a new tag
Caveats
  • Supply blocks, unpowered buildings, or Contaminate may cause inaccurate times.
  • Supply counts are checked every 10 seconds.